cohdb
Replays
Latest Replays
All Replays
Popular Replays
Top Player Replays
Match Explorer
How It Works
Community
CoH3 Stats
Reddit
Sign in to upload your games and track your stats! →
Sign in with Steam
Match 43405779
Unlisted
Match 43405779
Overview
Messages
Build Orders
End
Selects Air and Sea Battlegroup
Vickers Machine Gun Team
Royal Engineer Section
Construct Section Command Post
Dingo Light Scout Car
Infantry Section
Selects Commando Section Paradrop
Selects M1 Pack Howitzer Paradrop
M1 Pack Howitzer Paradrop
Construct Field Infirmary
Commando Section Paradrop
Grenade Package
Infantry Section
Construct Platoon Command Post
Unlock M3 Stuart Light Tanks
CMP 15cwt Truck
Forward Retreat Point
M3 Stuart Light Tank
Construct Company Command Post
Commando Section Paradrop
Unlock M3 Grant Medium Tanks
M3 Grant Medium Tank
Selects Anti-tank Rocket Loiter
BanditoDescondanito
623201657
torq1
Joraad
Puñeto
academyhtml
0
0
Comments
sign in to comment!
No comments posted yet!